[Event "*** SCC Grand Prix: Titled Tuesday Blitz"]
[Site "Chess.com"]
[Date "2020.06.09"]
[Round "4"]
[White "Harsha_Bharathakoti"]
[Black "MartinCerveny"]
[Result "0-1"]
[WhiteElo "2742"]
[BlackElo "2511"]
[TimeControl "180+1"]
[EndTime "9:39:21 PDT"]
[Termination "MartinCerveny won by resignation"]

1. d4 d5 2. c4 c6 3. Nc3 Nf6 4. Nf3 a6 5. Qc2 g6 6. e4 dxe4 7. Nxe4 Bg7 8. Nxf6+ Bxf6 9. Be3 O-O 10. Be2 Bf5 11. Qc3 b5 12. b3 c5 13. O-O Nc6 14.
Rad1 bxc4 15. Bxc4 cxd4 16. Nxd4 Nxd4 17. Bxd4 Bxd4 18.
Rxd4 Qb6 19. Rfd1 a5 20. Qe3 Qf6 21. h3 g5 22. f4 h6 23. fxg5 Qxg5 24. Qf2 e6 25.
Bd3 Bxd3 26. R1xd3 Qe5 27. Rf3 Rad8 28. Rg4+ Kh8 29.
Rgg3 f5 30. Re3 Rd1+ 31. Kh2 Qa1 32. Rg6 Rh1+ 33. Kg3 f4+ 34. Kg4 Qd4 35. Rxh6+ Kg7 36. Kh5 Rf5+ 0-1

[Event "*** SCC Grand Prix: Titled Tuesday Blitz"]
[Site "Chess.com"]
[Date "2020.06.09"]
[Round "4"]
[White "PauloFanha"]
[Black "Pavel_Mir"]
[Result "0-1"]
[WhiteElo "2000"]
[BlackElo "2305"]
[TimeControl "180+1"]
[EndTime "9:39:21 PDT"]
[Termination "Pavel_Mir won by checkmate"]

1. e4 e5 2. Bc4 Nf6 3. d4 exd4 4. Nf3 Nc6 5. O-O Nxe4 6. Re1 d5 7. Bxd5 Qxd5 8. Nc3 Qa5 9. Nxe4 Be6 10. Bg5 h6 11.
Bh4 Qd5 12. c4 Qh5 13. Bf6 Be7 14. Bxe7 Nxe7 15. Nxd4 Qxd1 16. Raxd1 O-O-O 17. Nxe6 fxe6 18. Nc5 e5 19. Kf1 Nc6 20. a3 a5 21. b3 Rd6 22.
Ne4 Rd4 23. Ng3 Rhd8 24. Rxd4 exd4 25. Nf5 d3 26. Nxg7 Nd4 27. b4 axb4 28. axb4 Nc2 29. Rd1 Nxb4 30. Ne6 Re8 31. Nc5 Rd8 32. Ne6 Rd6 33. Nf4 c5 34. Ke1 b5 35. cxb5 c4 36.
Kd2 Na2 37. Ra1 c3+ 38. Ke1 d2+ 39. Kd1 Nb4 40. Ne2 c2# 0-1

[Event "*** SCC Grand Prix: Titled Tuesday Blitz"]
[Site "Chess.com"]
[Date "2020.06.09"]
[Round "4"]
[White "Bigfish1995"]
[Black "kuban1991"]
[Result "1-0"]
[WhiteElo "2989"]
[BlackElo "2779"]
[TimeControl "180+1"]
[EndTime "9:39:22 PDT"]
[Termination "Bigfish1995 won by checkmate"]

1. e4 e6 2. d4 d5 3. Nc3 Bb4 4. e5 c5 5. a3 Bxc3+ 6. bxc3 Nc6 7. Nf3 Bd7 8. Bd3 Qa5 9. Bd2 c4 10. Be2 O-O-O 11. Ng5 Rf8 12. Bh5 g6 13. Be2 h6 14.
Nh3 f6 15. Nf4 Nge7 16. exf6 Rxf6 17. O-O Rxf4 18. Bxf4 Qxc3 19. Bg4 h5 20. Bh3 Rf8 21. Bd6 Rf7 22. Re1 Qxd4 23. Qxd4 Nxd4 24. Rad1 Nef5 25. Bxf5 Nxf5 26. Be5 Ba4 27. Rd2 Kd7 28. Rde2 b5 29. c3 a5 30. f3 Bb3 31. Kf2 b4 32. axb4 axb4 33. cxb4 Kc6 34. Bb2 d4 35. Rxe6+ Kb5 36. R1e5+ Kxb4 37. Rb6+ Ka4 38. Re1 Ka5 39. Rb8 Ra7 40.
Ra1+ Ba4 41. Ba3 c3 42. Bb4+ Ka6 43. Rxa4# 1-0

[Event "*** SCC Grand Prix: Titled Tuesday Blitz"]
[Site "Chess.com"]
[Date "2020.06.09"]
[Round "4"]
[White "ZAbdumalik"]
[Black "mbachez"]
[Result "1-0"]
[WhiteElo "2731"]
[BlackElo "2528"]
[TimeControl "180+1"]
[EndTime "9:39:22 PDT"]
[Termination "ZAbdumalik won by resignation"]

1. e4 e6 2. d4 d5 3. Nc3 Bb4 4.
e5 c5 5. a3 Bxc3+ 6. bxc3 Qa5 7. Bd2 Qa4 8. Nf3 Nc6 9. Bd3 c4 10. Be2 Bd7 11. O-O O-O-O 12. Ng5 Rf8 13. f4 Nge7 14.
Rb1 f6 15. Nf3 Be8 16. Be3 Bg6 17. Rb2 fxe5 18. dxe5 Qxa3 19. Qb1 Nf5 20. Ra2 Qe7 21.
Bf2 Kb8 22. Qb5 Be8 23. Qb2 Qc7 24. Rfa1 Nfe7 25. Bxa7+ Nxa7 26. Rxa7 Qc5+ 27. Nd4 Bc6 28. R7a5 b5 29. Rxb5+ Bxb5 30. Ra5 Kc7 31. Rxb5 Qa7 32. Qb4 Nc8 33. Rc5+ Kd7 34. Qb5+ Kd8 35. Nc6+ 1-0

[Event "*** SCC Grand Prix: Titled Tuesday Blitz"]
[Site "Chess.com"]
[Date "2020.06.09"]
[Round "4"]
[White "FrogMist"]
[Black "sonicdravise"]
[Result "0-1"]
[WhiteElo "2366"]
[BlackElo "2553"]
[TimeControl "180+1"]
[EndTime "9:39:22 PDT"]
[Termination "sonicdravise won on time"]

1. e4 g6 2. d4 Bg7 3. Nf3 d6 4. Be3 Nf6 5. Nc3 Bg4 6. Qd2 c6 7. Bh6 Bxh6 8. Qxh6 Qa5 9. Bd3 Na6 10. O-O-O Bxf3 11.
gxf3 O-O-O 12. Kb1 Nb4 13. Be2 c5 14. d5 Rhg8 15.
a3 Na6 16. h4 Nc7 17. f4 Kb8 18. Rhg1 Ka8 19. Rg3 a6 20. Rdg1 Ka7 21. h5 b5 22.
hxg6 hxg6 23. f5 b4 24. axb4 Qxb4 25. fxg6 Rb8 26. Qc1 Rxg6 27. Rxg6 fxg6 28. Rg3 Nxe4 29. Nxe4 Qxe4 30. Re3 Qh4 31. Qe1 Nxd5 32. Ra3 Rb6 33.
Bf3 Qd4 34. Ra2 e5 35. Bxd5 Qxd5 36. b3 c4 0-1

[Event "*** SCC Grand Prix: Titled Tuesday Blitz"]
[Site "Chess.com"]
[Date "2020.06.09"]
[Round "4"]
[White "Roza_Idrisova"]
[Black "Nafania1"]
[Result "0-1"]
[WhiteElo "2185"]
[BlackElo "2424"]
[TimeControl "180+1"]
[EndTime "9:39:22 PDT"]
[Termination "Nafania1 won by resignation"]

1. d4 Nf6 2. Nf3 e6 3. Bg5 h6 4. Bh4 g5 5. Bg3 Ne4 6. Nbd2 Nxg3 7. hxg3 Bg7 8. e4 d6 9. Bd3 Bd7 10. Qe2 Nc6 11. c3 Qe7 12. e5 g4 13. exd6 gxf3 14.
dxe7 fxe2 15. Kxe2 Nxe7 16. Rae1 O-O-O 17. Ne4 Bc6 18.
f3 Nd5 19. Nc5 b6 20. Ne4 e5 21. dxe5 Bxe5 22. f4 Bg7 23. Bc4 Nxf4+ 24. gxf4 Bxe4 25.
Kf2 f5 26. Rd1 Rxd1 27. Rxd1 Bf6 28. Re1 Rd8 29. Re2 h5 30. g3 Rd1 31. Ke3 c6 32. Bf7 Rd3+ 33. Kf2 h4 34. g4 Rf3+ 35. Kg1 Rxf4 36. gxf5 Bxf5 37. Be6+ Bxe6 38. Rxe6 Kd7 39. Re2 Be7 40. Kh2 Bd6 41. Kh3 Be7 42. Rd2+ Ke8 43. Re2 Rf3+ 44. Kh2 Kd7 45. Rd2+ Bd6+ 46. Kg2 Rg3+ 47.
Kh1 h3 48. b4 Rg2 49. Rxg2 hxg2+ 50. Kxg2 Be5 51. c4 b5 52. cxb5 cxb5 53. Kf3 Bc3 54. a3 Bb2 55. Ke4 Bxa3 56. Kd5 Bxb4 0-1

[Event "*** SCC Grand Prix: Titled Tuesday Blitz"]
[Site "Chess.com"]
[Date "2020.06.09"]
[Round "4"]
[White "Shushik"]
[Black "Kopytkin"]
[Result "0-1"]
[WhiteElo "2164"]
[BlackElo "2336"]
[TimeControl "180+1"]
[EndTime "9:39:22 PDT"]
[Termination "Kopytkin won by resignation"]

1. e4 Nf6 2. e5 Nd5 3. d4 d6 4.
Nf3 g6 5. Bc4 Nb6 6. Bb3 d5 7.
O-O Bg7 8. a4 Nc6 9. a5 Nc4 10.
Bxc4 dxc4 11. c3 Bf5 12. Nbd2 Bd3 13. Re1 Qd5 14. Qa4 O-O 15. Nf1 Bxf1 16. Rxf1 f6 17. exf6 exf6 18. Nd2 b5 19. axb6 axb6 20. Qxa8 Rxa8 21.
Rxa8+ Kf7 22. Re1 Nxd4 23. Rae8 Nc6 24. R8e4 Bf8 25. Rxc4 Bh6 26. Rh4 Bxd2 27. Bxd2 Qxd2 28. Rhe4 g5 29. Re6 Ne5 30. R6xe5 fxe5 31. Kf1 Qxb2 32. Rxe5 Qxc3 33. Rxg5 Qc1+ 0-1

[Event "*** SCC Grand Prix: Titled Tuesday Blitz"]
[Site "Chess.com"]
[Date "2020.06.09"]
[Round "4"]
[White "Fusikk"]
[Black "emiliocordova"]
[Result "0-1"]
[WhiteElo "2572"]
[BlackElo "2848"]
[TimeControl "180+1"]
[EndTime "9:39:26 PDT"]
[Termination "emiliocordova won on time"]

1. d4 Nf6 2. c4 e6 3. Nf3 c5 4. d5 exd5 5. cxd5 d6 6. Nc3 g6 7.
e4 Bg7 8. h3 O-O 9. Bd3 Na6 10.
O-O Re8 11. Re1 c4 12. Bxc4 Nc5 13. Bb5 Bd7 14. Bxd7 Qxd7 15. Nd2 b5 16. f3 b4 17. Ne2 Nd3 18. Rf1 Nh5 19. Nb3 Nxc1 20. Qxc1 f5 21.
Ned4 fxe4 22. Ne6 Ng3 23. Rf2 Rxe6 24. dxe6 Qxe6 25. Qf4 Be5 26. Qd2 Rc8 27. Re1 d5 28. Qxb4 Bc7 29. Nd4 Qb6 30. Qe7 Qxd4 31. Qe6+ Kg7 32. Qxc8 Bb6 33. Qc3 Kh6 34. Qxd4 Bxd4 35. Rd1 Bb6 36. Rb1 e3 37. Rc2 d4 38. Rd1 e2 0-1

[Event "*** SCC Grand Prix: Titled Tuesday Blitz"]
[Site "Chess.com"]
[Date "2020.06.09"]
[Round "4"]
[White "iaraldinho"]
[Black "pooh2012"]
[Result "1-0"]
[WhiteElo "2631"]
[BlackElo "2419"]
[TimeControl "180+1"]
[EndTime "9:39:26 PDT"]
[Termination "iaraldinho won on time"]

1. e4 c6 2. d4 d5 3. Nc3 dxe4 4. Nxe4 Nd7 5. Bd3 Ngf6 6. Ng5 e6 7. N1f3 Bd6 8. Qe2 h6 9. Ne4 Nxe4 10. Qxe4 Qc7 11. Bd2 b6 12. O-O-O Bb7 13. Qg4 Kf8 14. Rhe1 Nf6 15. Qh4 Nd5 16. a3 Nf4 17. Bf1 Ng6 18. Qg4 c5 19. dxc5 Bxc5 20. Bd3 Ne7 21. Kb1 Nd5 22. Ne5 Bd6 23. Nc4 Be7 24. f4 Nf6 25. Qe2 Nd5 26. f5 exf5 27. Bxf5 g6 28. Be4 Bf6 29. Rf1 Kg7 30. Rxf6 Nxf6 31. Bc3 Bxe4 32. Qxe4 Rhe8 33. Bxf6+ Kh7 34. Be5 Qe7 35.
Qf4 Rac8 36. Bc3 Rc6 37. Qd4 f6 38. Re1 Qf7 39. Rxe8 Qxe8 40. Nd6 Qe7 41. Ne4 Kg7 42.
g4 Qe6 43. Nxf6 Qxf6 44. Qd7+ 1-0

[Event "*** SCC Grand Prix: Titled Tuesday Blitz"]
[Site "Chess.com"]
[Date "2020.06.09"]
[Round "4"]
[White "ljuks68"]
[Black "pastouche06"]
[Result "0-1"]
[WhiteElo "2323"]
[BlackElo "2479"]
[TimeControl "180+1"]
[EndTime "9:39:27 PDT"]
[Termination "pastouche06 won by checkmate"]

1. e4 c6 2. d4 d5 3. e5 c5 4. Nf3 cxd4 5. Nxd4 e6 6. c4 Nc6 7. Nc3 Bc5 8. Nxc6 bxc6 9. Qg4 Kf8 10. Bd3 Ne7 11.
O-O Ng6 12. Bxg6 hxg6 13. Bg5 Qc7 14. Qf4 Rb8 15. b3 Ba6 16. Rac1 Ba3 17. Rcd1 Be7 18. Bxe7+ Qxe7 19. g3 Rh5 20. Rfe1 Qc7 21. cxd5 cxd5 22. Rc1 Qa5 23. Qd4 Rc8 24. Na4 Rc7 25. Red1 Kg8 26. Qe3 Rxc1 27. Rxc1 Bb5 28. Rc8+ Kh7 29. Rc5 Qb4 30. Qf4 Qe1+ 31. Kg2 Bf1+ 32. Kf3 Qe2# 0-1

[Event "*** SCC Grand Prix: Titled Tuesday Blitz"]
[Site "Chess.com"]
[Date "2020.06.09"]
[Round "4"]
[White "PawnEatingZombie"]
[Black "LileKoridze"]
[Result "0-1"]
[WhiteElo "2110"]
[BlackElo "2298"]
[TimeControl "180+1"]
[EndTime "9:39:28 PDT"]
[Termination "LileKoridze won on time"]

1. d4 Nf6 2. c4 e6 3. Nc3 Bb4 4. Qc2 O-O 5. e4 d6 6. Bd3 Nbd7 7. Ne2 e5 8. d5 a5 9. a3 Bc5 10.
O-O g6 11. Na4 Ne8 12. Nxc5 Nxc5 13. b3 Ng7 14. Bd2 f5 15. f3 f4 16. b4 Nd7 17.
c5 c6 18. Bc4 Kh8 19. dxc6 bxc6 20. cxd6 Qb6+ 21. Kh1 c5 22. b5 Qxd6 23. Nc3 Ne6 24. Bxe6 Qxe6 25. Nd5 Qd6 26. Bc3 Bb7 27. Rfd1 Bxd5 28.
Rxd5 Qe6 29. Rad1 Rad8 30. Qd3 Rf7 31. Rd6 Qe8 32. Qd5 Re7 33. b6 Kg7 34. b7 Qf7 35. h3 Rb8 36. Rxd7 Rxd7 37. Qxd7 Rxb7 38. Qxf7+ Kxf7 39. Bxe5 Rb3 40. Bxf4 Rxa3 41. Rd7+ Ke6 42.
Rc7 Rc3 43. Kh2 a4 44. Ra7 a3 45. Bg3 Rb3 46. f4 c4 0-1

[Event "*** SCC Grand Prix: Titled Tuesday Blitz"]
[Site "Chess.com"]
[Date "2020.06.09"]
[Round "4"]
[White "stanyga"]
[Black "serhanberat_ozdemir"]
[Result "0-1"]
[WhiteElo "2646"]
[BlackElo "2486"]
[TimeControl "180+1"]
[EndTime "9:39:30 PDT"]
[Termination "serhanberat_ozdemir won by resignation"]

1. d4 Nf6 2. c4 g6 3. g3 Bg7 4. Bg2 O-O 5. Nc3 d6 6. e4 c6 7. Nge2 e5 8. d5 cxd5 9. cxd5 Bd7 10. O-O b5 11. b4 Bg4 12. Nxb5 Qd7 13. Nbc3 Bh3 14.
f3 a5 15. b5 Qa7+ 16. Kh1 Bxg2+ 17. Kxg2 Nbd7 18. a4 Rfc8 19. Qd3 Nc5 20. Qb1 Nfd7 21. Be3 Nb6 22. Rc1 Rc7 23. Nd1 Rac8 24. Nb2 f5 25. exf5 e4 26. fxe4 gxf5 27. exf5 Re7 28. Ra3 Nxd5 29.
Qa2 Qb7 30. Nf4 Bxb2 31. Bxc5 Bxa3 32. Bxa3 Rxc1 33. Bxc1 Re5 34. Bb2 Rxf5 35. Kh3 Qf7 36.
Nxd5 Rxd5 37. Qa3 Qf5+ 38. g4 Rd3+ 39. Kh4 Qf2+ 0-1

[Event "*** SCC Grand Prix: Titled Tuesday Blitz"]
[Site "Chess.com"]
[Date "2020.06.09"]
[Round "4"]
[White "vaishali2001"]
[Black "Jbd735"]
[Result "0-1"]
[WhiteElo "2629"]
[BlackElo "2467"]
[TimeControl "180+1"]
[EndTime "9:39:30 PDT"]
[Termination "Jbd735 won by resignation"]

1. d4 d5 2. c4 c6 3. Nc3 e6 4. e3 Nf6 5. Nf3 Nbd7 6. Qc2 Bd6 7. Bd3 O-O 8. O-O dxc4 9. Bxc4 b5 10. Be2 Bb7 11. Rd1 Qb8 12. a4 b4 13. Ne4 Nxe4 14.
Qxe4 c5 15. Qh4 a5 16. b3 Bd5 17. Bb2 Bxb3 18. dxc5 Bxd1 19. Rxd1 Nxc5 20. Bxg7 Kxg7 21. Qg5+ Kh8 22. Qf6+ Kg8 23. Qg5+ Kh8 24. Qf6+ Kg8 25. Rd4 Rd8 26. Ng5 Qc7 27. Rh4 Be5 28. Qh6 f6 29. Nxh7 Kf7 30. Rg4 f5 31. Qh5+ Ke7 32. Rg7+ Bxg7 0-1

[Event "*** SCC Grand Prix: Titled Tuesday Blitz"]
[Site "Chess.com"]
[Date "2020.06.09"]
[Round "4"]
[White "Shuvalov"]
[Black "vitnik2020"]
[Result "1-0"]
[WhiteElo "2454"]
[BlackElo "2295"]
[TimeControl "180+1"]
[EndTime "9:39:30 PDT"]
[Termination "Shuvalov won by resignation"]

1. Nf3 d5 2. c4 e6 3. g3 dxc4 4.
Bg2 a6 5. a4 Nc6 6. Qc2 e5 7.
Qxc4 Be6 8. Qc2 Nf6 9. d3 Bb4+ 10. Bd2 O-O 11. O-O Bxd2 12. Nbxd2 Nd5 13. a5 Qe7 14. Rfc1 Qb4 15. Qc5 Qxc5 16. Rxc5 Rfd8 17. Rcc1 f6 18. Ne4 Rab8 19. Nc5 Bf7 20. Kf1 Ndb4 21. Rc3 Kf8 22. Nd2 Bd5 23. Bxd5 Rxd5 24. Nde4 Ke7 25. Nd2 Nd4 26. e3 Nb5 27. Rc4 Nxd3 28. Nxd3 Rxd3 29. Ke2 Rbd8 30. Ne4 Rb3 31. Rc2 f5 32. Nc5 Nd6 33. Nxb3 Ne4 34. Rd1 1-0

[Event "*** SCC Grand Prix: Titled Tuesday Blitz"]
[Site "Chess.com"]
[Date "2020.06.09"]
[Round "4"]
[White "earling8018"]
[Black "Haapana"]
[Result "1-0"]
[WhiteElo "2078"]
[BlackElo "2390"]
[TimeControl "180+1"]
[EndTime "9:39:30 PDT"]
[Termination "earling8018 won on time"]

1. d4 Nf6 2. c4 g6 3. Nc3 Bg7 4. e4 d6 5. Nf3 Bg4 6. Be2 Nfd7 7. Be3 c5 8. h3 Bxf3 9. Bxf3 Nc6 10. Ne2 cxd4 11.
Nxd4 Nxd4 12. Bxd4 Qa5+ 13. Kf1 Bxd4 14. Qxd4 Ne5 15.
Be2 O-O 16. h4 h5 17. Rh3 Qc5 18. Rd1 Qxd4 19. Rxd4 Rfc8 20. b3 a5 21. f4 Nc6 22.
Rd2 a4 23. g4 hxg4 24. Bxg4 Rc7 25. h5 axb3 26. axb3 Ra1+ 27. Kf2 b5 28. hxg6 fxg6 29. cxb5 Nb4 30. Be6+ Kg7 31. f5 Kf6 32. Rh6 Rcc1 33. Rxg6+ Ke5 34. Bc4 Kf4 35. b6 Rh1 36. b7 Nc6 37. b4 Ra7 38. Bd5 Ne5 39. Rg1 1-0

[Event "*** SCC Grand Prix: Titled Tuesday Blitz"]
[Site "Chess.com"]
[Date "2020.06.09"]
[Round "4"]
[White "GigaQuparadze"]
[Black "oskariot"]
[Result "1-0"]
[WhiteElo "2843"]
[BlackElo "2645"]
[TimeControl "180+1"]
[EndTime "9:39:31 PDT"]
[Termination "GigaQuparadze won on time"]

1. e4 e6 2. d4 d5 3. Nd2 c5 4. Ngf3 Nf6 5. exd5 exd5 6. Bb5+ Bd7 7. Bxd7+ Nbxd7 8. O-O Be7 9. dxc5 Nxc5 10. Nb3 Nce4 11. Nfd4 Nd6 12. c3 O-O 13. Re1 Re8 14. Bf4 Nc4 15. Qc2 a5 16. Nd2 Nxd2 17. Qxd2 Ne4 18. Qd3 Qb6 19. Re2 Bf8 20. Rae1 Nc5 21. Qf5 Qxb2 22.
h3 Rxe2 23. Rxe2 Qxc3 24. Qxd5 Nd3 25. Bd2 Qa1+ 26. Kh2 Rb8 27. Nf5 Nb4 28. Qxa5 Nc6 29. Qa4 Qf6 30. Qe4 Rd8 31. Bf4 g6 32. Nh6+ Bxh6 33. Bxh6 Qd6+ 34. f4 Qd7 35. a4 f6 36.
Qc4+ Qf7 37. Qb5 Rd7 38. a5 Re7 39. Rxe7 Qxe7 40. a6 1-0

[Event "*** SCC Grand Prix: Titled Tuesday Blitz"]
[Site "Chess.com"]
[Date "2020.06.09"]
[Round "4"]
[White "Ariadna_Atreides"]
[Black "XiaoKangZhong"]
[Result "0-1"]
[WhiteElo "1960"]
[BlackElo "2396"]
[TimeControl "180+1"]
[EndTime "9:39:31 PDT"]
[Termination "XiaoKangZhong won by checkmate"]

1. d4 Nf6 2. Nf3 g6 3. c4 Bg7 4. Nc3 d5 5. cxd5 Nxd5 6. Na4 O-O 7. e4 Nb6 8. Nc5 Nc6 9. Be3 Bg4 10. Nxb7 Qc8 11.
Nc5 Bxf3 12. gxf3 Rd8 13. Nb3 Ne5 14. Be2 Nec4 15. Qc2 Nxe3 16. fxe3 Bh6 17. f4 Qh3 18. Kd2 e5 19. Raf1 Rac8 20. Rf3 Qg2 21. Rhf1 exf4 22.
exf4 c5 23. d5 f5 24. R1f2 Qg1 25. Bc4 fxe4 26. Qxe4 Bg7 27. Qd3 Qg4 28. h3 Qh5 29.
d6+ Kh8 30. Be6 Rc6 31. Bg4 Qh6 32. Kc2 Rcxd6 33. Qa6 c4 34. Nc5 Bd4 35. Ne6 Bxf2 36. Nxd8 Rxd8 37. Rxf2 Qf8 38. Qxa7 Qd6 39. Re2 Qd3+ 40.
Kc1 Qd1# 0-1

[Event "*** SCC Grand Prix: Titled Tuesday Blitz"]
[Site "Chess.com"]
[Date "2020.06.09"]
[Round "4"]
[White "NateSolon"]
[Black "Gordima"]
[Result "0-1"]
[WhiteElo "2517"]
[BlackElo "2727"]
[TimeControl "180+1"]
[EndTime "9:39:32 PDT"]
[Termination "Gordima won on time"]

1. d4 d5 2. Bf4 Nf6 3. e3 c5 4. Nc3 cxd4 5. exd4 a6 6. Nf3 Nc6 7. Ne5 e6 8. Nxc6 bxc6 9. Na4 Bd6 10. Bxd6 Qxd6 11.
Bd3 a5 12. O-O O-O 13. Qe2 Qb4 14. b3 Qxd4 15. Rae1 Re8 16. c3 Qa7 17. Qe5 Qb8 18. f4 Qxe5 19. Rxe5 Ba6 20. Bxa6 Rxa6 21. Nc5 Ra7 22.
Rfe1 Nd7 23. Nxd7 Rxd7 24. Kf2 Rb8 25. f5 Rf8 26. fxe6 fxe6+ 27. Kg1 Rf6 28. Rxe6 Kf7 29.
Rxf6+ Kxf6 30. Kf2 c5 31. Re3 a4 32. Rf3+ Ke6 33. Re3+ Kd6 34. b4 cxb4 35. cxb4 d4 36. Rh3 Kd5 37. a3 Rc7 0-1

[Event "*** SCC Grand Prix: Titled Tuesday Blitz"]
[Site "Chess.com"]
[Date "2020.06.09"]
[Round "4"]
[White "von_Eschenbach"]
[Black "AndrewDGreen"]
[Result "0-1"]
[WhiteElo "2403"]
[BlackElo "2347"]
[TimeControl "180+1"]
[EndTime "9:39:32 PDT"]
[Termination "AndrewDGreen won on time"]

1. e4 c5 2. Nf3 g6 3. d4 cxd4 4. Nxd4 Nc6 5. Nc3 Bg7 6. Be3 Nf6 7. Bc4 O-O 8. Bb3 d6 9. h3 Na5 10. O-O b6 11. f4 Nxb3 12. axb3 Bb7 13. Qd3 a6 14. f5 b5 15. Nf3 Rc8 16. fxg6 hxg6 17. Ng5 Qc7 18. Rf2 Qc6 19. Raf1 b4 20. Na4 Nxe4 21. Qe2 Nxf2 22. Qxf2 Qxc2 23. Qg3 Qe2 24. Rf2 Qd1+ 25. Kh2 Qh5 26. Nb6 Rc6 27. Nd7 Rd8 28.
Nxf7 Rxd7 29. Bg5 e6 30. Nd8 Be5 0-1

[Event "*** SCC Grand Prix: Titled Tuesday Blitz"]
[Site "Chess.com"]
[Date "2020.06.09"]
[Round "4"]
[White "kingofthenil"]
[Black "CrazyMartian"]
[Result "1-0"]
[WhiteElo "2448"]
[BlackElo "2284"]
[TimeControl "180+1"]
[EndTime "9:39:32 PDT"]
[Termination "kingofthenil won on time"]

1. d4 d5 2. c4 e6 3. Nc3 Nf6 4. Nf3 Be7 5. g3 dxc4 6. Bg2 c5 7.
Qa4+ Bd7 8. Qxc4 Nc6 9. dxc5 Qa5 10. O-O Qxc5 11. Qb3 Qb4 12. Qc2 O-O 13. a3 Qb6 14. Be3 Qc7 15. Rfd1 a6 16. Na4 Nd5 17. Bc5 Rfe8 18.
Rac1 h6 19. e4 Nf6 20. Bb6 Qc8 21. Nc5 Bxc5 22. Qxc5 Ne7 23. Qe3 Bc6 24. Ne5 Ng6 25. Nc4 Nd7 26. Nd6 Qb8 27. Nxe8 Qxe8 28. Bc7 Nge5 29. f4 Ng4 30. Qd2 Rc8 31. Rxc6 bxc6 32. Qxd7 Qxd7 33. Rxd7 Ne3 34. Rd8+ Rxd8 35. Bxd8 Nd1 36.
Bf1 1-0

[Event "*** SCC Grand Prix: Titled Tuesday Blitz"]
[Site "Chess.com"]
[Date "2020.06.09"]
[Round "4"]
[White "picturesquecheck"]
[Black "AradNazari"]
[Result "1-0"]
[WhiteElo "2126"]
[BlackElo "2392"]
[TimeControl "180+1"]
[EndTime "9:39:32 PDT"]
[Termination "picturesquecheck won by checkmate"]

1. e4 e6 2. d4 d5 3. Nd2 c5 4. exd5 Qxd5 5. Ngf3 cxd4 6. Bc4 Qd6 7. O-O Nf6 8. Nb3 Nc6 9. Nbxd4 Nxd4 10. Nxd4 a6 11. c3 Qc7 12. Qe2 Bd6 13. h3 O-O 14. Re1 b5 15. Bb3 Bb7 16. Bc2 h6 17. Be3 Bf4 18. Rad1 Rfd8 19. Bxf4 Qxf4 20. Qe5 Qxe5 21. Rxe5 Rd5 22.
Rxd5 Bxd5 23. a4 Rb8 24. axb5 axb5 25. Bb3 Bxb3 26. Nxb3 b4 27. c4 Rc8 28. c5 Rc7 29. Rd4 Nd5 30. Rc4 e5 31. Na5 f6 32. c6 Kf7 33.
Nb7 Ne7 34. Rxb4 Nxc6 35. Rb6 Ke7 36. Nc5 Nd4 37. Nd3 g5 38. g4 Rc2 39. b4 Rd2 40.
Nc5 Ne2+ 41. Kf1 Nf4 42. Rb7+ Ke8 43. Rb8+ Kf7 44. Rb7+ Kg6 45. Ke1 Rb2 46. Nd7 h5 47.
Nf8+ Kh6 48. Rh7# 1-0

[Event "*** SCC Grand Prix: Titled Tuesday Blitz"]
[Site "Chess.com"]
[Date "2020.06.09"]
[Round "4"]
[White "chito89"]
[Black "bsnsun"]
[Result "1-0"]
[WhiteElo "2736"]
[BlackElo "2457"]
[TimeControl "180+1"]
[EndTime "9:39:33 PDT"]
[Termination "chito89 won by resignation"]

1. e4 c5 2. Nc3 d6 3. f4 g6 4. Nf3 Nc6 5. Bb5 Bg7 6. O-O e6 7. d3 Ne7 8. Qe1 O-O 9. Kh1 Nd4 10. Nxd4 cxd4 11. Ne2 Qc7 12. Ba4 e5 13. f5 gxf5 14.
Ng3 f4 15. Nh5 Ng6 16. g3 fxg3 17. Qxg3 f5 18. Bb3+ Kh8 19. exf5 Bxf5 20. Bg5 e4 21. Nxg7 Kxg7 22. Bf4 Rad8 23. h4 Kh8 24. Bg5 Rde8 25.
dxe4 Bxe4+ 26. Kh2 Qg7 27. Qxd6 Ne5 28. Be6 Nf3+ 29.
Rxf3 Bxf3 30. Rg1 Be4 31. Bf4 Rxe6 32. Qxe6 Rf7 33. Rxg7 1-0

[Event "*** SCC Grand Prix: Titled Tuesday Blitz"]
[Site "Chess.com"]
[Date "2020.06.09"]
[Round "4"]
[White "Gareth-Bale11"]
[Black "Hrant_ChessMood"]
[Result "0-1"]
[WhiteElo "2794"]
[BlackElo "3082"]
[TimeControl "180+1"]
[EndTime "9:39:34 PDT"]
[Termination "Hrant_ChessMood won on time"]

1. Nf3 Nf6 2. c4 g6 3. Nc3 Bg7 4. d4 d6 5. e4 O-O 6. h3 e5 7. d5 a5 8. g4 Na6 9. Be3 Nc5 10.
Nd2 c6 11. Be2 a4 12. h4 cxd5 13. cxd5 Bd7 14. h5 a3 15. b3 Qa5 16. Qc2 Nxg4 17. Bxg4 Bxg4 18. Nc4 Qb4 19. Bd2 Bxh5 20. Rxh5 gxh5 21.
Ne2 Qb5 22. Ng3 f5 23. Nxf5 Rxf5 24. exf5 e4 25. Bc3 Nd3+ 26. Ke2 Nf4+ 27. Kf1 Qxd5 28. Bxg7 Kxg7 29. Rd1 Qxf5 30. Qc3+ Kg8 31. Rxd6 Rf8 32.
Qg3+ Ng6 33. Ne3 Qf7 34. Rb6 h4 0-1

[Event "*** SCC Grand Prix: Titled Tuesday Blitz"]
[Site "Chess.com"]
[Date "2020.06.09"]
[Round "4"]
[White "Sam_ChessMood"]
[Black "Haykoooo0o"]
[Result "1-0"]
[WhiteElo "2818"]
[BlackElo "2559"]
[TimeControl "180+1"]
[EndTime "9:39:34 PDT"]
[Termination "Sam_ChessMood won by resignation"]

1. e4 e5 2. Nf3 Nc6 3. Bb5 Nf6 4. d3 Bc5 5. Bxc6 dxc6 6. Nbd2 Qe7 7. O-O Bg4 8. a3 h6 9. b4 Bd6 10. Nc4 O-O 11. h3 Bh5 12. Rb1 Nd7 13. g4 Bg6 14.
Kg2 Rfe8 15. Bd2 Nf8 16. Ne3 Ne6 17. Nf5 Qd7 18. Kh1 f6 19. Rg1 Bf8 20. Qe2 a5 21.
bxa5 Rab8 22. a4 c5 23. Rb5 c6 24. Rb6 c4 25. Be3 cxd3 26. cxd3 Bc5 27. Rb3 Bxe3 28.
Qxe3 Nf4 29. Kh2 Rbd8 30. Rgb1 Kh7 31. Rxb7 Qxd3 32. Rxg7+ Kh8 33. Rbb7 Bxf5 34. gxf5 Qf1 35. Nh4 Rd1 36. Rh7+ Kg8 37. Qg3+ 1-0

[Event "*** SCC Grand Prix: Titled Tuesday Blitz"]
[Site "Chess.com"]
[Date "2020.06.09"]
[Round "4"]
[White "jonaszmb"]
[Black "Efremov_Vlad"]
[Result "1-0"]
[WhiteElo "2419"]
[BlackElo "2162"]
[TimeControl "180+1"]
[EndTime "9:39:34 PDT"]
[Termination "jonaszmb won by resignation"]

1. d4 d5 2. c4 e6 3. Nf3 Nf6 4. g3 dxc4 5. Bg2 Nc6 6. O-O Rb8 7. Nc3 b5 8. e4 b4 9. Ne2 Be7 10. d5 exd5 11. e5 Ne4 12. Ned4 Nxd4 13. Nxd4 Bd7 14. e6 Bxe6 15. Nc6 Qc8 16. Be3 Qb7 17. Nxe7 Kxe7 18. Bxe4 dxe4 19. Bc5+ Ke8 20. Qa4+ Bd7 21. Qc2 Qd5 22.
Bxa7 Rb7 23. Rad1 Qe6 24. Rfe1 f5 25. Bd4 Kf7 26. f3 Rd8 27. fxe4 fxe4 28. Rxe4 Qf5 29.
Rf4 Qxf4 30. gxf4 Be6 31. f5 Bd5 32. f6 gxf6 33. Qxh7+ Ke6 34. Re1+ Kd6 35. Qe7+ Kc6 36. Qxd8 1-0

[Event "*** SCC Grand Prix: Titled Tuesday Blitz"]
[Site "Chess.com"]
[Date "2020.06.09"]
[Round "4"]
[White "Lion-Al-Messi"]
[Black "BogdanBelyakov89"]
[Result "0-1"]
[WhiteElo "2399"]
[BlackElo "2627"]
[TimeControl "180+1"]
[EndTime "9:39:35 PDT"]
[Termination "BogdanBelyakov89 won on time"]

1. e4 e5 2. Nf3 Nc6 3. Bb5 Nf6 4. O-O Nxe4 5. d4 Nd6 6. Bxc6 dxc6 7. dxe5 Nf5 8.
Qxd8+ Kxd8 9. Nc3 Ke8 10. b3 b6 11. Bb2 Bb7 12. Rad1 Be7 13. Rd2 Rd8 14. Rfd1 Rxd2 15. Rxd2 Bb4 16. a3 Bxc3 17. Bxc3 c5 18. Ne1 Ke7 19.
f3 h5 20. Kf2 a5 21. Nd3 Rd8 22. Bb2 Nd4 23. Bxd4 cxd4 24. Nf4 h4 25. g3 hxg3+ 26. hxg3 c5 27. g4 Rh8 28. Kg2 Rh4 29. Kg3 Rh1 30. Nd3 Rf1 31. Rf2 Ra1 32. a4 c4 33. Nb2 Ba6 34.
Nxc4 Bxc4 35. bxc4 Rxa4 36. Kf4 Rxc4 37. Ke4 a4 38.
Kd5 b5 39. Rf1 Rxc2 40. Kxd4 a3 41. Ra1 b4 42. f4 a2 43. Kd3 b3 0-1